 Dungeon Crawl Stone Soup version 0.30-a0-1006-g5d778dfbfc (webtiles) character file.

Game seed: 1506015580719113115

3383 Dirtsage the Grappler (level 9, -4/69 HPs)
             Began as a Demonspawn Berserker on Apr 4, 2023.
             Was a Priest of Trog.
             Killed from afar by an electric eel (10 damage)
             ... with a bolt of electricity
             ... on level 8 of the Dungeon on Apr 5, 2023.
             The game lasted 00:10:52 (6004 turns).

Dirtsage the Grappler (Demonspawn Berserker)        Turns: 6004, Time: 00:10:53

Health: -4/69      AC: 13    Str: 21    XL:     9   Next: 74%
Magic:  9/9        EV: 12    Int:  8    God:    Trog [***...]
Gold:   443        SH:  5    Dex: 14    Spells: 8/8 levels left

rFire   . . .      SeeInvis .      - Unarmed
rCold   . . .      Faith    .    (no shield)
rNeg    . . .      Spirit   .    m - +0 plate armour
rPois   +          Reflect  +    (no helmet)
rElec   .          Rampage  .    f - +0 cloak {rPois}
rCorr   .                        (no gloves)
Will    +....                    (no boots) Stlth
                                 I - amulet of reflection
HPRegen 0.31/turn                k - +5 ring of evasion
MPRegen 0.11/turn                E - ring of willpower

@: no status effects
A: claws 2, spiny 2, demonic magic 1
a: Renounce Religion, Berserk, Trog's Hand


You were on level 8 of the Dungeon.
You worshipped Trog.
Trog was most pleased with you.
You visited 2 branches of the dungeon, and saw 9 of its levels.

You collected 443 gold pieces.

Inventory:

Hand Weapons
 a - a +0 hand axe
Missiles
 o - a throwing net (quivered)
Armour
 b - a +0 animal skin
 f - a +0 cloak of poison resistance (worn)
 m - a +0 plate armour (worn)
Jewellery
 k - a +5 ring of evasion (left claw)
 r - a ring of fire
 y - an amulet of the acrobat
 E - a ring of willpower (right claw)
 G - a ring of ice
 I - an amulet of reflection (around neck)
 N - a ring of positive energy
Wands
 w - a wand of charming (10)
 B - a wand of flame (20)
 D - a wand of digging (6)
Scrolls
 c - a scroll of poison {unknown}
 e - a scroll of enchant weapon {unknown}
 g - a scroll of torment {unknown}
 h - 2 scrolls of amnesia {unknown}
 j - a scroll of blinking {unknown}
 l - 4 scrolls of enchant armour {unknown}
 n - 8 scrolls of identify {unknown}
 s - a scroll of vulnerability {unknown}
 t - 3 scrolls of teleportation
 x - 3 scrolls of fear {unknown}
Potions
 d - 4 potions of attraction {unknown}
 i - a potion of lignification {unknown}
 p - 2 potions of heal wounds {unknown}
 q - 11 potions of curing
 u - 3 potions of degeneration {unknown}
 v - a potion of cancellation {unknown}
 z - 3 potions of brilliance {unknown}
 A - a potion of resistance {unknown}
 C - a potion of berserk rage {unknown}
 F - a potion of flight {unknown}
 H - 3 potions of mutation {unknown}


   Skills:
 + Level 6.1 Fighting
 - Level 3.3 Axes
 + Level 5.1 Armour
 - Level 1.7 Dodging
 * Level 10.4 Unarmed Combat


You had 8 spell levels left.
You didn't know any spells.
Your spell library contained the following spells:

 Spells                   Type           Power      Damage    Failure   Level
 Magic Dart               Conj           0%         1d3       100%        1
 Necrotise                Necr           0%         1d4       100%        1
 Shock                    Conj/Air       0%         1d3       100%        1
 Searing Ray              Conj           0%         2d4       100%        2
 Frozen Ramparts          Ice            0%         1d1       100%        3
 Swiftness                Air            0%         N/A       100%        3
 Vampiric Draining        Necr           0%         2d6       100%        3
 Airstrike                Air            0%         2d(0-16)  100%        4
 Fulminant Prism          Conj/Hex       0%         3d5       100%        4
 Ice Form                 Ice/Tmut       0%         N/A       100%        4
 Manifold Assault         Tloc           0%         N/A       100%        4
 Summon Ice Beast         Ice/Summ       0%         N/A       100%        4
 Agony                    Necr           0%         N/A       100%        5
 Dispersal                Tloc           0%         N/A       100%        6
 Disjunction              Tloc           0%         N/A       100%        8


Dungeon Overview and Level Annotations

Branches:
Dungeon (8/15)             Temple (1/1) D:7            Lair (0/5) D:8

Altars:
Hepliaklqana
Nemelex Xobeh
Qazlal
Ru
Sif Muna
Trog
Vehumet

Shops:
D:2 =


Innate Abilities, Weirdness & Mutations

You have very sharp fingernails.
You are mostly covered in sharp spines.
Spells you cast may paralyse adjacent enemies.


Message History

You kill the water moccasin!
Trog accepts your kill.
You start resting.
You feel yourself speed up.
You regained 2 hp, and now have 53/69 hp.
You start resting.
You recover from your berserk rage.
You regained 4 hp, and now have 57/69 hp.
Things that are here:
a hound corpse; a wolf corpse You see here a troll corpse.
The electric eel shoots out a bolt of lightning at you!
The bolt of electricity hits you.
You take 5 damage, and have 54/69 hp.
The electric eel shoots out a bolt of lightning at you!
The bolt of electricity hits you.
You take 5 damage, and have 49/69 hp.
A hound comes into view.
The hound barks!
Found a staircase to the Lair.
The electric eel shoots out a bolt of lightning at you!
The bolt of electricity hits you.
You take 6 damage, and have 43/69 hp.
The electric eel shoots out a bolt of lightning at you!
The bolt of electricity hits you.
The electric eel shoots out a bolt of lightning at you!
The bolt of electricity hits the electric eel.
The electric eel completely resists.
The bolt of electricity hits you!
You take 15 damage, and have 28/69 hp.
MASSIVE DAMAGE!!
The electric eel shoots out a bolt of lightning at you!
The bolt of electricity hits you.
You take 5 damage, and have 23/69 hp.
The electric eel shoots out a bolt of lightning at you!
The bolt of electricity hits you.
* * * LOW HITPOINT WARNING * * *
The electric eel shoots out a bolt of lightning at you!
The bolt of electricity hits you!
* * * LOW HITPOINT WARNING * * *
The bolt of electricity hits you!
You die...

........## ##..
~≈≈≈≈~............## ###
~≈~~≈≈~~~...........# #
~.~.S≈≈≈~...........##
...~~≈≈≈~............##
.>..≈≈≈≈~.............##
...~≈≈≈≈≈#.............#
...~≈≈S≈≈#.............##
~..~≈≈~~.@.#............#
...≈≈≈≈...##............#
≈.~~~~~...# ##..........#
~.~≈~..~..#####>........#
~.~≈≈~..h†..####.......##
~.~≈~.~~....[.####....##
~)~~~......#.....##†.##
..~~...~...####.††.####
............#
#####...####


You could see a hound and 2 electric eels.

Vanquished Creatures
  Pikel (D:4)
  A troll (D:8)
  Prince Ribbit (D:5)
  Sigmund (D:6)
  A wraith (D:7)
  A steam dragon (D:6)
  A water moccasin (D:8)
  2 ice beasts (D:6)
  A sky beast (D:7)
  A wolf (D:8)
  A centaur (D:6)
  A kobold brigand (D:7)
  Blork the orc (D:4)
  3 scorpions
  5 wights (D:6)
  5 howler monkeys
  3 orc priests
  7 hounds
  2 jellies
  Crazy Yiuf (D:2)
  4 iguanas
  A sleepcap (D:6)
  3 orc wizards
  3 gnolls (D:2)
  5 adders
  A shadow imp (D:5)
  An ufetubus (D:5)
  A worm (D:4)
  4 dart slugs
  13 orcs
  6 bats
  5 endoplasms
  5 giant cockroaches
  6 goblins
  6 hobgoblins
  3 jackals (D:3)
  10 kobolds
  4 quokkas
  3 ball pythons
  A frilled lizard (D:2)
  5 rats
130 creatures vanquished.

Vanquished Creatures (others)
  A hound (D:8)
  A fungus (D:2)
2 creatures vanquished.

Grand Total: 132 creatures vanquished

Notes
Turn   | Place    | Note
-------+----------+-------------------------------------------
     0 | D:1      | Dirtsage the Demonspawn Berserker began the quest for the
                  | Orb.
     0 | D:1      | Reached XP level 1. HP: 18/18 MP: 1/1
    95 | D:1      | Gained mutation: You have sharp fingernails. [demonic
                  | ancestry]
    95 | D:1      | Reached XP level 2. HP: 24/24 MP: 2/2
   362 | D:1      | Reached skill level 1 in Unarmed Combat
   558 | D:1      | Reached XP level 3. HP: 25/29 MP: 3/3
   686 | D:2      | Found Fazevuga's Jewellery Shop.
   727 | D:2      | Reached ** piety under Trog
   860 | D:2      | Reached skill level 2 in Unarmed Combat
  1088 | D:2      | Reached XP level 4. HP: 20/35 MP: 4/4
  1320 | D:2      | Reached skill level 3 in Unarmed Combat
  1480 | D:2      | Found a runed translucent door.
  1481 | D:2      | Noticed Crazy Yiuf
  1701 | D:2      | Killed Crazy Yiuf
  2470 | D:4      | Gained mutation: You are partially covered in sharp spines.
                  | [demonic ancestry]
  2470 | D:4      | Reached XP level 5. HP: 16/41 MP: 5/5
  2474 | D:4      | Reached skill level 4 in Unarmed Combat
  2629 | D:4      | Noticed a lemure
  2629 | D:4      | Noticed Pikel
  2631 | D:4      | Noticed a lemure
  2632 | D:4      | Noticed a lemure
  2645 | D:4      | Noticed a lemure
  2649 | D:4      | Killed Pikel
  2650 | D:4      | Reached skill level 6 in Unarmed Combat
  2650 | D:4      | Gained mutation: You have very sharp fingernails. [demonic
                  | ancestry]
  2650 | D:4      | Reached XP level 6. HP: 47/47 MP: 6/6
  2650 | D:4      | Gained mutation: Spells you cast may paralyse adjacent
                  | enemies. [demonic ancestry]
  2650 | D:4      | Reached XP level 7. HP: 52/52 MP: 7/7
  2653 | D:4      | Noticed Blork the orc
  2661 | D:4      | Killed Blork the orc
  2662 | D:4      | Reached skill level 7 in Unarmed Combat
  2802 | D:4      | Found a stormy altar of Qazlal.
  2909 | D:4      | Found a shimmering blue altar of Sif Muna.
  2945 | D:4      | Found a hazy altar of Hepliaklqana.
  3040 | D:4      | Found a sparkling altar of Nemelex Xobeh.
  3255 | D:5      | Entered Level 5 of the Dungeon
  3753 | D:5      | Noticed Prince Ribbit
  3764 | D:5      | Killed Prince Ribbit
  3765 | D:5      | Reached skill level 8 in Unarmed Combat
  3765 | D:5      | Gained mutation: You are mostly covered in sharp spines.
                  | [demonic ancestry]
  3765 | D:5      | Reached XP level 8. HP: 58/58 MP: 8/8
  4313 | D:6      | Reached skill level 9 in Unarmed Combat
  4314 | D:6      | Reached *** piety under Trog
  4314 | D:6      | Noticed Sigmund
  4323 | D:6      | Killed Sigmund
  4327 | D:6      | Reached XP level 9. HP: 48/67 MP: 9/9
  4331 | D:6      | Reached skill level 5 in Fighting
  4915 | D:6      | Found a radiant altar of Vehumet.
  4924 | D:6      | Found a sacrificial altar of Ru.
  5009 | D:7      | Found a staircase to the Ecumenical Temple.
  5041 | Temple   | Entered the Ecumenical Temple
  5046 | D:7      | Upgraded the game from 0.30-a0-996-ga6910c8ee8 to
                  | 0.30-a0-1006-g5d778dfbfc
  5186 | D:7      | Reached skill level 10 in Unarmed Combat
  5917 | D:8      | Noticed a troll
  5946 | D:8      | Killed a troll
  5947 | D:8      | Reached skill level 5 in Armour
  6001 | D:8      | Found a staircase to the Lair.
  6004 | D:8      | Killed from afar by an electric eel

Illustrated notes

Levels and vault maps discovered:
D:1:      minmay_arrival_hallway, layout_rooms, minmay_pentomino_q2
D:2:      layout_loops_corners, serial_shops, nicolae_shop_hallway_stairs,
          minmay_worlds_worst_comb, uniq_crazy_yiuf_cottage
D:3:      layout_basic
D:4:      layout_cave_pools, mainiacjoe_overflow_alcove_1, lemuel_tele_altar,
          mainiacjoe_overflow_chevrons, worldfamousw_hep_ancestral_shrine,
          uniq_blork_the_orc, uniq_pikel
D:5:      layout_basic, minmay_misc_feat_iff, nicolae_fountain_basement,
          uniq_prince_ribbit1
D:6:      layout_loops_ring, mainiacjoe_overflow_big_doors, uniq_sigmund
D:7:      layout_loops_cross, temple_fountains, hangedman_decor_opposing
D:8:      layout_cave_pods, erik_lair_island, kb_lookout_dungeons_type
Temple:   compressed_dpeg_circular_temple

Skill      XL: |  1  2  3  4  5  6  7  8  9 |
---------------+----------------------------+-----
Axes           | 3 |  3.3
Unarmed Combat | 1 2 3 6 8 9 10 | 10.4
Armour         | 2 3 5 |  5.1
Fighting       | 4 6 |  6.1
Dodging        | |  1.7

Action                     |  1- 3 |  4- 6 |  7- 9 || total
---------------------------+-------+-------+-------++-------
  Melee: Hand axe          |   107 |     2 |       ||   109
         Punch             |     1 |     3 |     5 ||     9
         Unarmed           |       |    91 |   186 ||   277
 Invoke: Berserk           |     3 |     3 |     4 ||    10
         Trog's Hand       |       |     1 |     1 ||     2
    Use: Scroll            |       |     1 |       ||     1
 Armour: Animal skin       |    16 |       |       ||    16
         Plate armour      |    16 |    39 |    67 ||   122
  Dodge: Dodged            |    68 |    47 |    88 ||   203
  Block: Other             |       |       |     8 ||     8
         Reflection        |       |       |     1 ||     1

Table legend: (Time is in decaauts)
 A = Elapsed time spent in this place.
 B = Non-inter-level travel time spent in this place.
 C = Inter-level travel time spent in this place.
 D = Time resting spent in this place.
 E = Time spent auto-exploring this place.
 F = Levels seen in this place.
 G = Mean time per level.
                   A        B        C        D        E       F      G
               +--------+--------+--------+--------+--------+-----+--------+
         Total |   6070 |   5799 |    271 |    534 |   4427 |   9 |  674.4 |
       Dungeon |   6066 |   5795 |    271 |    534 |   4427 |   8 |  758.2 |
        Temple |      3 |      3 |      0 |      0 |      0 |   1 |    3.0 |
               +--------+--------+--------+--------+--------+-----+--------+

Top non-repeatable levels by time:
     D:2: 1188 daAuts
     D:5: 967 daAuts
     D:4: 777 daAuts
     D:6: 724 daAuts
     D:1: 715 daAuts
     D:7: 685 daAuts
     D:3: 677 daAuts
     D:8: 330 daAuts
  Temple: 3 daAuts
